 Dungeon Crawl Stone Soup version 0.17.2-1-ge4368a0 (webtiles) character file.

34 Goblin1989 the Insei (level 3, 0/23 HPs)
             Began as an Octopode Transmuter on Aug 30, 2016.
             Slain by a goblin
             ... wielding a +0 club
             ... led by Robin
              (3 damage)
             ... on level 2 of the Dungeon.
             The game lasted 00:02:16 (1070 turns).

Goblin1989 the Insei (Octopode Transmuter)          Turns: 1070, Time: 00:02:17

Health: 0/23       AC:  1    Str:  9    XL:     3   Next: 31%
Magic:  6/6        EV: 12    Int: 15    God:
Gold:   30         SH:  0    Dex: 13    Spells: 1 memorised, 5 levels left

rFire  . . .     SeeInvis .       - Unarmed
rCold  . . .     Clarity  .     (no shield)
rNeg   . . .     SustAt   .     (helmet restricted)
rPois  .         Gourm    .     (no amulet)
rElec  .         Spirit   .     (no ring)
rCorr  .         Warding  .     (no ring)
rMut   .         Stasis   .     (no ring)
MR     .....                    (no ring)
Stlth  +++.......               (no ring)
                                (no ring)
                                (no ring)
                                (no ring)

@: not resistant to hostile enchantments, fairly stealthy
A: almost no armour, amphibious, 8 rings, constrict 8, camouflage 1, gelatinous
body 1
a: no special abilities


You were on level 2 of the Dungeon.
You were hungry.

You visited 1 branch of the dungeon, and saw 2 of its levels.

You collected 30 gold pieces.

Inventory:

Missiles
 a - 55 arrows
Scrolls
 e - a scroll of noise {unknown}
 g - 2 scrolls of recharging {unknown}
 l - a scroll of fear {unknown}
Potions
 d - a potion of heal wounds {unknown}
 h - a potion of lignification {unknown}
 i - a potion of agility {unknown}
 j - a potion of haste {unknown}
 k - a potion of cancellation {unknown}
Books
 b - a book of Changes

   Spells                             Type                      Level
   a - Beastly Appendage              Transmutation                1
   b - Sticks to Snakes               Transmutation                2
   c - Spider Form                    Transmutation/Poison         3
   d - Ice Form                       Ice/Transmutation            4
   e - Blade Hands                    Transmutation                5
Comestibles
 c - a bread ration
 f - a slice of pizza


   Skills:
 - Level 1.0 Fighting
 - Level 2.0 Dodging
 + Level 2.2 Stealth
 * Level 3.9 Unarmed Combat
 - Level 2.0 Spellcasting
 - Level 2.0 Transmutations


You had 5 spell levels left.
You knew the following spells:

 Your Spells              Type           Power        Failure   Level  Hunger
a - Beastly Appendage     Trmt           #.....       12%         1    #......


Dungeon Overview and Level Annotations

Branches:
Dungeon (2/15)

Altars:

Annotations:
D:2 Robin


Innate Abilities, Weirdness & Mutations

You cannot wear most types of armour.
You are amphibious.
You can wear up to eight rings at the same time.
You can use your tentacles to constrict eight enemies at once.
Your skin changes colour to match your surroundings (Stealth).
Your rubbery body absorbs attacks (AC +1).


Message History

The goblin hits you.
* * * LOW HITPOINT WARNING * * *
You take 1 damage, and have 3/23 hp.
You tentacle-slap the goblin but do no damage.
You tentacle-slap the goblin.
The goblin is almost dead.
You constrict the goblin.
You kill the goblin!
Found a tubular garnet ring.
Things that are here:
a club; a goblin corpse; a goblin corpse Robin throws the goblin at you!
The goblin barely misses you.
You barely miss the goblin. You grab the goblin.
Your squeeze misses the goblin. You constrict the goblin.
Robin roars a battlecry!
The goblin goes into a battle-frenzy!
You tentacle-slap the goblin.
The goblin is severely wounded.
You constrict the goblin. The goblin hits you with a club.
You die...

### # #..
#.#.#####
.#.#...#
.<#.#.#
#.#<#.#
#.###.#
.#######))...#
......g@######
.=.####.g...#
#..##.# ...#
##.# .# ##


You could see Robin and a goblin (frenzied).

Vanquished Creatures
  A worm (D:2)
  2 bats (D:1)
  9 goblins
  5 hobgoblins
  2 giant geckos (D:1)
  A giant newt (D:1)
  3 kobolds (D:1)
  8 rats (D:1)
31 creatures vanquished.

Notes
Turn   | Place    | Note
--------------------------------------------------------------
     0 | D:1      | Goblin1989 the Octopode Transmuter began the quest for the Orb.
     0 | D:1      | Reached XP level 1. HP: 13/13 MP: 3/3
   521 | D:1      | Reached XP level 2. HP: 16/18 MP: 5/5
   766 | D:1      | Reached skill level 1 in Stealth
  1035 | D:2      | Noticed Robin
  1045 | D:2      | Reached XP level 3. HP: 16/23 MP: 6/6
  1070 | D:2      | Slain by a goblin

Action                   || total
-------------------------++-------
Melee: Unarmed           ||    74
 Cast: Beastly Appendage ||     1
 Stab: Sleeping          ||     8
